 Dungeon Crawl Stone Soup version 0.30-a0-29-g142975f185 (webtiles) character file.

Game seed: 12340412073332020557

120 nono the Trooper (level 4, -5/58 HPs)
             Began as a Palentonga Fighter on Aug 26, 2022.
             Slain by Edmund
             ... wielding a +2 dire flail of protection
              (10 damage)
             ... on level 4 of the Dungeon.
             The game lasted 00:05:39 (2463 turns).

nono the Trooper (Palentonga Fighter)               Turns: 2463, Time: 00:05:39

Health: -5/58      AC: 10    Str: 24    XL:     4   Next: 75%
Magic:  4/4        EV:  4    Int:  8    God:
Gold:   134        SH:  4    Dex:  9    Spells: 3/3 levels left

rFire   . . .      SeeInvis +    a - +0 flail
rCold   . . .      Faith    .    c - +0 buckler
rNeg    . . .      Spirit   .    m - +0 plate armour
rPois   .          Reflect  .    (no helmet)
rElec   .          Harm     .    p - +0 cloak
rCorr   .          Rampage  .    (no gloves)
Will    .....                    (no barding)
Stlth   ..........               (no amulet)
HPRegen 0.19/turn                (no ring)
MPRegen 0.09/turn                (no ring)

@: mighty, berserking, very quick
A: large, rugged brown scales 3, see invisible, deformed body, roll 1, armoured
tail
a: Rolling Charge


You were on level 4 of the Dungeon.
You visited 1 branch of the dungeon, and saw 4 of its levels.

You collected 134 gold pieces.

Inventory:

Hand Weapons
 a - a +0 flail (weapon)
Armour
 b - a +0 scale mail
 c - a +0 buckler (worn)
 m - a +0 plate armour (worn)
 p - a +0 cloak (worn)
Scrolls
 f - a scroll of enchant weapon {unknown}
 g - 4 scrolls of identify {unknown}
 h - a scroll of magic mapping {unknown}
 j - 2 scrolls of fear {unknown}
 k - a scroll of enchant armour {unknown}
 o - a scroll of vulnerability {unknown}
 q - a scroll of amnesia {unknown}
 r - 2 scrolls of teleportation {unknown}
 s - a scroll of noise {unknown}
Potions
 e - a potion of ambrosia {unknown}
 i - a potion of curing {unknown}
 l - a potion of berserk rage
 n - a potion of lignification {unknown}
 t - a potion of resistance {unknown}


   Skills:
 + Level 3.7 Fighting
 + Level 3.0 Maces & Flails
 + Level 3.0 Armour
 + Level 3.4 Shields


You had 3 spell levels left.
You didn't know any spells.
Your spell library contained the following spells:

 Spells                   Type           Power      Damage    Failure   Level
 Beastly Appendage        Tmut           0%         N/A       100%        1
 Wereblood                Tmut           0%         N/A       100%        2
 Frozen Ramparts          Ice            0%         1d1       100%        3
 Spider Form              Tmut/Pois      0%         N/A       100%        3
 Ice Form                 Ice/Tmut       0%         N/A       100%        4
 Summon Ice Beast         Ice/Summ       0%         N/A       100%        4


Dungeon Overview and Level Annotations

Branches:
Dungeon (4/15)
 Temple: D:4-7

Altars:
Ashenzari
Gozag

Annotations:
D:4 Edmund


Innate Abilities, Weirdness & Mutations

You are completely covered in rugged brown scales. (AC +3, +7% HP)
You have supernaturally acute eyesight. (SInv)
Armour fits poorly on your strangely shaped body.
You can roll at nearby foes to attack.
You have a long armoured tail.


Message History

The howler monkey is severely wounded.
The howler monkey hits you but does no damage.
You sock the howler monkey!
You kill the howler monkey!
Edmund the Younger comes into view.
He is wielding a +2 dire flail of protection.
Your Maces & Flails skill increases to level 3!
Your Armour skill increases to level 3!
You sock the orc!
You kill the orc!
You block Edmund's attack.
You thump the orc!
You kill the orc!
Edmund hits you with a +2 dire flail of protection.
You feel very mighty all of a sudden.
Edmund hits you with a +2 dire flail of protection!
* * * LOW HITPOINT WARNING * * *
The orc hits you but does no damage.
It was a potion of berserk rage.
A red film seems to cover your vision as you go berserk!
You feel yourself moving faster!
You feel mighty! You block the orc's attack. Edmund completely misses you.
You barely miss Edmund. The orc completely misses you.
Edmund completely misses you.
You barely miss Edmund. You tail-slap Edmund.
Edmund is lightly wounded.
You closely miss Edmund.
Edmund is lightly wounded.
The orc barely misses you.
Edmund hits you with a +2 dire flail of protection!
* * * LOW HITPOINT WARNING * * *
You thump Edmund!
Edmund is moderately wounded.
The orc hits you but does no damage. Edmund hits you but does no damage.
You barely miss Edmund.
Edmund is moderately wounded.
The orc completely misses you. Edmund hits you but does no damage.
You barely miss Edmund.
Edmund is moderately wounded.
Edmund hits you with a +2 dire flail of protection!
You die...

#.# #.# #.# ... #.#
#.# #o# # #@# .#
#######@##..#
.......>....#
........###.#
###.....# #.....#
###.....########
................
#######.##############


You could see Edmund and an orc.

Vanquished Creatures
  A howler monkey (D:4)
  An orc wizard (D:4)
  2 worms (D:2)
  A dart slug (D:1)
  2 orcs (D:4)
  6 endoplasms
  A giant cockroach (D:3)
  3 goblins
  4 hobgoblins
  4 quokkas
  4 ball pythons (D:1)
  9 bats
  6 frilled lizards
  A kobold (D:1)
  A rat (D:3)
46 creatures vanquished.

Notes
Turn   | Place    | Note
-------+----------+-------------------------------------------
     0 | D:1      | nono the Palentonga Fighter began the quest for the Orb.
     0 | D:1      | Reached XP level 1. HP: 19/19 MP: 1/1
     3 | D:1      | Noticed an electric eel
     4 | D:1      | Noticed an electric eel
   116 | D:1      | Reached XP level 2. HP: 20/25 MP: 2/2
   577 | D:1      | Found a faded altar of an unknown god.
  1166 | D:2      | Reached XP level 3. HP: 31/31 MP: 3/3
  1915 | D:3      | Found an opulent altar of Gozag.
  1916 | D:3      | Found a broken altar of Ashenzari.
  2273 | D:3      | Noticed an ice beast
  2450 | D:4      | Reached XP level 4. HP: 24/38 MP: 4/4
  2453 | D:4      | Noticed Edmund
  2463 | D:4      | Slain by Edmund

Illustrated notes

Levels and vault maps discovered:
D:1:      arrival_aquarium_b, layout_loops_corners,
          nicolae_ecumenical_lake_church, minmay_indecisive_spiral
D:2:      layout_loops_corners
D:3:      layout_basic, mainiacjoe_overflow_divided_tiny
D:4:      layout_basic, nicolae_ru_awakened_eye, serial_shops, shop_fountains,
          minmay_strange_pillars, minmay_rat_hole, uniq_ijyb, uniq_edmund

Skill      XL: |  1  2  3  4 |
---------------+-------------+-----
Shields        | 3 |  3.4
Maces & Flails | 3 |  3.0
Armour         | 3 |  3.0
Fighting       | |  3.7

Action                   |  1- 3 |  4- 6 || total
-------------------------+-------+-------++-------
Melee: Flail             |   122 |    12 ||   134
       Tailslap          |    12 |     2 ||    14
  Use: Potion            |       |     2 ||     2
Armor: Scale mail        |    38 |       ||    38
       Plate armour      |    39 |     6 ||    45
Dodge: Dodged            |    40 |     6 ||    46
Block: Buckler           |    30 |     2 ||    32

Table legend: (Time is in decaauts)
 A = Elapsed time spent in this place.
 B = Non-inter-level travel time spent in this place.
 C = Inter-level travel time spent in this place.
 D = Time resting spent in this place.
 E = Time spent auto-exploring this place.
 F = Levels seen in this place.
 G = Mean time per level.
                   A        B        C        D        E       F      G
               +--------+--------+--------+--------+--------+-----+--------+
         Total |   2502 |   2426 |     76 |      0 |   1934 |   4 |  625.5 |
       Dungeon |   2502 |   2426 |     76 |      0 |   1934 |   4 |  625.5 |
               +--------+--------+--------+--------+--------+-----+--------+

Top non-repeatable levels by time:
     D:1: 1130 daAuts
     D:2: 808 daAuts
     D:3: 498 daAuts
     D:4: 65 daAuts
